 Dungeon Crawl Stone Soup version 0.31.0-11-ge490571c62 (webtiles) character file.

Game seed: 9895387912446951646

10 Bravepunisher the Ducker (level 2, -1/16 HPs)
             Began as a Spriggan Monk on Jan 28, 2024.
             Succumbed to a gnoll's poison
             ... on level 4 of the Dungeon.
             The game lasted 00:01:32 (353 turns).

Bravepunisher the Ducker (Spriggan Monk)             Turns: 353, Time: 00:01:33

Health: -1/16      AC:  2    Str:  7    XL:     2   Next: 10%
Magic:  3/3        EV: 19    Int: 11    God:
Gold:   18         SH:  0    Dex: 17    Spells: 1/1 levels left

rFire   . . .        a - +0 short sword
rCold   . . .        (no shield)
rNeg    . . .        b - +0 robe
rPois   .            (helmet restricted)
rElec   .            (no cloak)
rCorr   .            (gloves unavailable)
SInv    +            (boots unavailable)
Will    .....        (no amulet)
Stlth   ++           (no ring)
HPRegen 0.22/turn    (no ring)
MPRegen 0.08/turn

%: no passive effects
@: lethally poisoned (-1 -> -6), invisible, very quick
A: very small, no large weapons, unfitting armour, see invisible, speed 3
a: no special abilities


You were on level 4 of the Dungeon.
You visited 1 branch of the dungeon, and saw 4 of its levels.

You collected 18 gold pieces.

Inventory:

Hand Weapons
 a - a +0 short sword (weapon)
Armour
 b - a +0 robe (worn)
Potions
 c - a potion of ambrosia
 d - a potion of invisibility


   Skills:
 * Level 2.8 Fighting
 - Level 3.2 Short Blades
 + Level 4.3 Dodging


You had one spell level left.
You didn't know any spells.
Your spell library was empty.

Dungeon Overview and Level Annotations

Branches:
Dungeon (4/15)
 Temple: D:4-7

Altars:
Gozag

Shops:
D:3 *   D:4 ?

Annotations:
D:4 Edmund, Pikel


Innate Abilities, Weirdness & Mutations

You are very small and have problems with some larger weapons.
You are too small for most types of armour.
You have supernaturally acute eyesight. (SInv)
You cover ground extremely quickly. (Speed+++)


Message History

Found 5 gold pieces.
Edmund shouts!
Found 5 gold pieces.
Found an opulent altar of Gozag.
Found a gold piece.
Found Pewasaun's Magic Scroll Shoppe.
A gnoll bouda and a gnoll come into view.
The gnoll shouts!
A gnoll comes into view. It is wielding a +0 club.
A ball python and a gnoll come into view.
The gnoll is wielding a +0 spear and quivering poisoned darts.
The ball python hisses angrily.
There is an entrance to Pewasaun's Magic Scroll Shoppe here.
The gnoll shouts!
The ball python bites you but does no damage.
The ball python closely misses you. The ball python misses you.
The ball python grabs you. The ball python constricts you.
The ball python's grasp on you weakens, but your attempt to escape fails.
The gnoll bouda barks out a call to the hunt!
The gnolls pick up the pace!
The gnoll hits you from afar with a +0 spear!
Ouch! That really hurt!
The ball python misses you. The ball python constricts you.
The gnoll barely misses you.
You escape the ball python's grasp.
The gnoll hits you from afar with a +0 spear.
* * * LOW HITPOINT WARNING * * *
The ball python attacks as it pursues you!
The ball python closely misses you. The ball python completely misses you.
The gnoll attacks as it pursues you! The gnoll completely misses you.
The gnoll throws a poisoned dart.
The poisoned dart closely misses you.
An adder comes into view.
The gnoll throws a poisoned dart.
The poisoned dart hits you!
You are lethally poisoned!
* * * LOW HITPOINT WARNING * * *
You feel sick.
The adder hisses angrily.
It was a potion of invisibility.
You fade into invisibility!
You die...

########## #........#
#........# #........#
..########...g....######
...S...@..Sg.g.....∩...#
..########.g......#...##
#########..### #......#
#.####.# #.# #.# #.# #.#


You could see a gnoll bouda (unable to see you), 3 gnolls, an adder (unable to
see you) and a ball python (unable to see you).

Vanquished Creatures
  An adder (D:2)
  A giant cockroach (D:4)
2 creatures vanquished.

Notes
Turn   | Place    | Note
-------+----------+-------------------------------------------
     0 | D:1      | Bravepunisher the Spriggan Monk began the quest for the
                  | Orb.
     0 | D:1      | Reached XP level 1. HP: 11/11 MP: 2/2
    66 | D:2      | Reached XP level 2. HP: 3/16 MP: 3/3
   187 | D:3      | Found Ytoys's Assorted Antiques.
   268 | D:4      | Noticed Pikel
   268 | D:4      | Noticed a lemure
   320 | D:4      | Noticed Edmund
   321 | D:4      | Found an opulent altar of Gozag.
   332 | D:4      | Found Pewasaun's Magic Scroll Shoppe.
   353 | D:4      | Succumbed to a gnoll's poison

Illustrated notes

Levels and vault maps discovered:
D:1:      wander_arrival_fairy_ring, layout_loops_ring
D:2:      layout_basic, basic_altar
D:3:      layout_loops_cross, amcnicky_altar_gilded, serial_shops, shop,
          kennysheep_generic_room_12
D:4:      layout_basic, nicolae_gozag_seed_capital, ebering_ghost_sewer_d,
          serial_shops, shop, shop, nicolae_shop_just_a_little_nook, shop,
          st_stairs_7, uniq_edmund, uniq_pikel, uniq_natasha

Action                     || total
---------------------------++-------
  Melee: Short sword       ||    33
         Punch             ||     1
    Use: Potion            ||     1
   Stab: Sleeping          ||     1
 Armour: Robe              ||    12
  Dodge: Dodged            ||    44
